 Dungeon Crawl Stone Soup version 0.28-a0-677-g3278d6a771 (webtiles) character file.

Game seed: 8501266245266496587

24565 Drevant2 the Metallomancer (level 12, -7/59 HPs)
             Began as a Deep Elf Earth Elementalist on Oct 18, 2021.
             Was an Elder of Sif Muna.
             Mangled by a centaur warrior simulacrum (29 damage)
             ... in a Gauntlet.
             The game lasted 01:06:55 (20692 turns).

Drevant2 the Metallomancer (DEEE)                  Turns: 20692, Time: 01:06:57

Health: -7/59      AC:  8    Str:  5    XL:     12   Next: 81%
Magic:  19/24      EV: 12    Int: 25    God:    Sif Muna [****..]
Gold:   884        SH:  0    Dex: 16    Spells: 10/25 levels left

rFire   . . .      SeeInvis .   f - staff of conjuration
rCold   . . .      Faith    .   (no shield)
rNeg    . . .      Spirit   .   P - +0 steam dragon scales
rPois   +          Reflect  .   (no helmet)
rElec   .          Harm     .   J - scarf {+Inv}
rCorr   .          Rampage  .   (no gloves)
Will    +....      NoTele   +   q - +2 pair of boots
Stlth   ++........              (no amulet)
HPRegen 0.19/turn               A - ring of poison resistance
MPRegen 0.19/turn               D - ring of wizardry

@: no status effects
A: no striking features
a: Renounce Religion, Evoke Invisibility, Channel Magic, Forget Spell, Divine
Exegesis


You were in a Gauntlet.
You worshipped Sif Muna.
Sif Muna was greatly pleased with you.
You visited 3 branches of the dungeon, and saw 15 of its levels.
You also visited: Gauntlet.

You collected 884 gold pieces.

Inventory:

Hand Weapons
 i - a +2 short sword of speed
Missiles
 c - 141 stones
Armour
 b - a +0 robe
 q - a +2 pair of boots (worn)
 u - a +0 helmet
 v - a +0 cloak
 J - a scarf of invisibility (worn)
 O - a +0 cloak
 P - +0 steam dragon scales (worn)
 S - the +1 leather armour of a Billion Wonders {Str+3}
   (You found it on level 9 of the Dungeon)

   Str:       It affects your strength (+3).
 T - +0 ice dragon scales
Magical Staves
 f - a staff of conjuration (weapon)
Jewellery
 j - a +6 ring of strength
 x - an amulet of the acrobat
 A - a ring of poison resistance (left hand)
 D - a ring of wizardry (right hand)
 E - a +4 ring of protection
 I - a +6 ring of dexterity
 R - an amulet of guardian spirit
 X - a ring of positive energy
Wands
 t - a wand of charming (17)
 y - a wand of iceblast (13)
 G - a wand of flame (20)
 H - a wand of polymorph (6)
 V - a wand of paralysis (10)
 W - a wand of digging (4)
Scrolls
 a - 2 scrolls of teleportation
 d - a scroll of vulnerability {unknown}
 k - 3 scrolls of enchant weapon {unknown}
 l - 5 scrolls of immolation
 m - a scroll of amnesia {unknown}
 s - a scroll of fear {unknown}
 B - 3 scrolls of holy word {unknown}
 F - 2 scrolls of fog {unknown}
 L - a scroll of acquirement {unknown}
 Q - a scroll of summoning
 U - a scroll of noise {unknown}
Potions
 e - 2 potions of degeneration {unknown}
 g - 4 potions of might
 h - a potion of invisibility {unknown}
 n - 5 potions of curing {unknown}
 p - 5 potions of lignification {unknown}
 r - a potion of haste
 w - a potion of heal wounds {unknown}
 z - 2 potions of berserk rage
 C - a potion of flight {unknown}
 K - 2 potions of brilliance {unknown}
 M - 3 potions of magic {unknown}
 N - 8 potions of ambrosia
 Y - a potion of cancellation {unknown}


   Skills:
 - Level 2.4 Dodging
 - Level 2.4 Stealth
 - Level 7.0 Spellcasting
 - Level 6.1 Transmutations
 * Level 21.7 Earth Magic


You had 10 spell levels left.
You knew the following spells:

 Your Spells              Type           Power      Damage    Failure   Level
a - Sandblast             Erth           100%       2d20      0%          1
b - Stone Arrow           Conj/Erth      100%       3d13      1%          3
c - Passwall              Tmut/Erth      56%        N/A       1%          2
d - Petrify               Tmut/Erth      68%        N/A       1%          4
e - Lee's Rapid Deconstr  Erth           43%        3d22*     1%          5

Your spell library contained the following spells:

 Spells                   Type           Power      Damage    Failure   Level
 Fulminant Prism          Conj/Hex       6%         3d7       26%         4
 Iskenderun's Mystic Bla  Conj/Tloc      13%        2d5       26%         4


Dungeon Overview and Level Annotations

Branches:
Dungeon (11/15)            Temple (1/1) D:4            Lair (3/6) D:10
  Snake (0/4) Lair:2      Gauntlet (1/1)
  Swamp: Lair:2-4    Shoals: Lair:2-4       Orc: D:9-12

Altars:
Ashenzari
Cheibriados
Dithmenos
Elyvilon
Fedhas
Gozag
Hepliaklqana
Kikubaaqudgha
Makhleb
Nemelex Xobeh
Okawaru
Qazlal
Ru
Sif Muna
Trog
Uskayaw
Vehumet
Wu Jian
Xom
Yredelemnul
Zin
The Shining One

Shops:
D:10 *

Portals:
Abyss: D:5

Annotations:
D:5 2 transporters, TimeIsEndless's ghost, novice FoFi Gauntlet 7 transporters, exclusion: oklob plant


Message History

Sif Muna accepts your kill.
You start resting.
Magic restored.
You start resting.
HP restored.
You see here a raiju corpse.
There is an open translucent door here.
The wolf howls!
You see here a steam dragon corpse.
The wolf howls! x2
You see here a +2 quarterstaff of draining.
There is a transporter here.
You enter the transporter and appear at another place.
Found three items.
Found two transporters.
Found a scroll labelled SEISKI VOIFIENEC.
Found two transporters.
There is a transporter here.
You enter the transporter and appear at another place.
The centaur warrior simulacrum hits you but does no damage.
The centaur warrior simulacrum kicks you.
The centaur warrior simulacrum freezes you!
The hornet simulacrum closely misses you.
The centaur warrior simulacrum barely misses you.
The centaur warrior simulacrum misses you.
Casting: Lee's Rapid Deconstruction (safe; 1% risk of failure)
Confirm with . or Enter, or press ? or * to list all spells.
Aiming: Lee's Rapid Deconstruction (safe; 1% risk of failure)
Press: ? - help, Dir - move target, f - centaur warrior simulacrum Fragment what (e.g. wall or brittle monster)?: a centaur warrior simulacrum The centaur warrior simulacrum shatters!!
The centaur warrior simulacrum is almost destroyed.
The icy blast hits the centaur warrior simulacrum!!
The centaur warrior simulacrum partially resists.
The centaur warrior simulacrum is almost destroyed.
The hornet simulacrum hits you. The hornet simulacrum freezes you!
* * * LOW HITPOINT WARNING * * *
The centaur warrior simulacrum hits you.
* * * LOW HITPOINT WARNING * * *
The centaur warrior simulacrum freezes you!!
You die...

.. ............ .. ####
###...######### .⌠.
....##.#.⌠.#....D..#
###...##..##..#...#.###.#.#
.########.#...#####$###...#
.##©.©#©##.##.#©.©#©###©..#
..#.⌠.#$..#.###.⌠.#)...##.#
#.#...#..##ZZ##...#..P.##.#
..#.⌠.#?##@ZZ.#.⌠.#.......#
###...#########...#########
....⌠.#.........⌠.#........
###...#########...#########
###.⌠.#...#hhp#.⌠.#)).....#
###...#[#.#h#h#...#.#####.#
.z#.⌠.#.#.#.#.#.⌠.#©#.....#
z.#©.©#©##©##.#©.©###.#####
z.#####?#.#.#.#####...#...#


You could see a necromancer, 4 wolves, a hornet simulacrum and 3 centaur warrior
simulacra.

Vanquished Creatures
  3 hydras
  Erica (D:11)
  2 two-headed ogres
  Pikel (D:6)
  8 elephants
  A black mamba (Lair:1)
  4 cane toads
  A rime drake (Lair:2)
  3 komodo dragons
  A queen bee (Lair:2)
  A polar bear (Lair:3)
  2 trolls (D:9)
  12 blink frogs
  Grinder (D:4)
  A raiju (Gauntlet)
  Prince Ribbit (D:6)
  A shadow (D:10)
  Sigmund (D:6)
  2 wyverns
  19 yaks
  3 basilisks
  3 steam dragons
  3 nagas (Lair:2)
  2 acid dragons
  8 water moccasins
  4 black bears
  3 orc warriors
  A sky beast (D:6)
  A necrophage (D:5)
  2 ogres
  3 wolves (Lair:1)
  6 centaurs
  2 phantoms
  3 lemures (D:6)
  3 kobold brigands
  9 bullfrogs
  2 scorpions
  A wyvern skeleton (D:7)
  A water moccasin skeleton (D:6)
  32 killer bees
  3 wights (D:8)
  2 howler monkeys
  A bullfrog zombie (D:5)
  3 centaur zombies
  5 hounds
  2 centaur skeletons (D:6)
  2 orc priests
  Crazy Yiuf (D:4)
  5 jellies
  Ijyb (D:4)
  3 iguanas
  Natasha (thrice) (D:4)
  8 orc wizards
  A killer bee zombie (D:8)
  A hound zombie (D:5)
  2 hound skeletons (D:4)
  2 howler monkey zombies (D:9)
  13 gnolls
  3 howler monkey skeletons
  4 adders
  2 ufetubi (D:6)
  2 worms
  2 dart slugs
  34 orcs
  7 ball pythons
  5 endoplasms
  3 giant cockroaches
  9 goblins
  10 hobgoblins
  4 jackals (D:4)
  3 quokkas
  6 bats
  2 frilled lizards
  19 kobolds
  4 rats
335 creatures vanquished.

Vanquished Creatures (collateral kills)
  3 killer bees (D:9)
3 creatures vanquished.

Vanquished Creatures (others)
  17 fungi
  77 plants
  A withered plant (Gauntlet)
95 creatures vanquished.

Grand Total: 433 creatures vanquished

Notes
Turn   | Place    | Note
-------+----------+-------------------------------------------
     0 | D:1      | Drevant2 the Deep Elf Earth Elementalist began the quest
                  | for the Orb.
     0 | D:1      | Reached XP level 1. HP: 10/10 MP: 6/6
   262 | D:1      | Reached XP level 2. HP: 14/15 MP: 6/8
   283 | D:1      | Reached skill level 4 in Earth Magic
  1009 | D:1      | You fall into a shaft and drop 1 floor!
  1421 | D:2      | Reached XP level 3. HP: 19/19 MP: 4/9
  1516 | D:2      | Reached skill level 5 in Earth Magic
  1528 | D:2      | Learned a level 3 spell: Stone Arrow
  1716 | D:2      | Reached XP level 4. HP: 19/24 MP: 5/10
  2176 | D:3      | Reached skill level 6 in Earth Magic
  2179 | D:3      | Learned a level 2 spell: Passwall
  2406 | D:3      | Found a faded altar of an unknown god.
  2580 | D:2      | Reached XP level 5. HP: 7/28 MP: 8/11
  3560 | D:4      | Found a staircase to the Ecumenical Temple.
  3689 | D:4      | Reached skill level 7 in Earth Magic
  3746 | D:4      | Noticed Ijyb
  3912 | D:4      | Killed Ijyb
  4098 | D:4      | Reached XP level 6. HP: 32/32 MP: 10/12
  4150 | D:4      | Noticed Grinder
  4241 | D:4      | Reached skill level 8 in Earth Magic
  4372 | D:4      | Noticed Natasha
  4373 | D:4      | Killed Natasha
  4766 | Temple   | Entered the Ecumenical Temple
  4981 | Temple   | Became a worshipper of Sif Muna the Loreminder
  5196 | D:4      | Killed Grinder
  5197 | D:4      | Reached skill level 9 in Earth Magic
  5197 | D:4      | Reached XP level 7. HP: 28/36 MP: 8/13
  5385 | D:4      | Noticed Natasha
  5391 | D:4      | Killed Natasha
  5604 | D:4      | Noticed Natasha
  5608 | D:4      | Killed Natasha
  5622 | D:4      | Found a runed translucent door.
  5623 | D:4      | Noticed Crazy Yiuf
  5631 | D:4      | Killed Crazy Yiuf
  5745 | D:5      | Entered Level 5 of the Dungeon
  5756 | D:5      | Reached skill level 10 in Earth Magic
  5997 | D:5      | Reached XP level 8. HP: 41/41 MP: 12/14
  6002 | D:5      | Learned a level 4 spell: Petrify
  6073 | D:5      | Found a transporter.
  6129 | D:5      | Found a one-way gate to the infinite horrors of the Abyss.
  6146 | D:5      | Found a transporter.
  6442 | D:5      | Noticed TimeIsEndless's ghost (novice FoFi)
  6472 | D:5      | Noticed an ancient zyme
  6840 | D:6      | Noticed Prince Ribbit
  6842 | D:6      | Killed Prince Ribbit
  6865 | D:6      | Noticed Sigmund
  6880 | D:6      | Killed Sigmund
  6925 | D:6      | Reached * piety under Sif Muna
  6926 | D:6      | Reached skill level 5 in Spellcasting
  6997 | D:5      | Learned a level 5 spell: Lee's Rapid Deconstruction
  7050 | D:6      | Reached XP level 9. HP: 45/45 MP: 16/20
  7151 | D:6      | Reached skill level 11 in Earth Magic
  7714 | D:6      | Noticed Pikel
  7825 | D:7      | Reached skill level 12 in Earth Magic
  7854 | D:7      | You fall into a shaft and drop 2 floors!
  7857 | D:9      | Reached ** piety under Sif Muna
  8243 | D:8      | Noticed a two-headed ogre
  8277 | D:9      | Reached skill level 13 in Earth Magic
  8816 | D:7      | Reached XP level 10. HP: 50/50 MP: 19/22
  9301 | D:7      | Found an opulent altar of Gozag.
  9303 | D:7      | Found an ancient bone altar of Kikubaaqudgha.
  9505 | D:6      | Killed Pikel
  9506 | D:6      | Reached skill level 14 in Earth Magic
  9706 | D:8      | Killed a two-headed ogre
 10385 | D:9      | Noticed an elephant
 10865 | D:9      | Reached skill level 15 in Earth Magic
 10912 | D:9      | Reached *** piety under Sif Muna
 11207 | D:9      | Noticed an elephant
 11367 | D:9      | Noticed an elephant
 11439 | D:10     | Entered Level 10 of the Dungeon
 11449 | D:10     | Found a staircase to the Lair.
 11457 | D:10     | Reached skill level 16 in Earth Magic
 11557 | D:10     | Found a glowing silver altar of Zin.
 11821 | D:10     | Noticed a two-headed ogre
 11830 | D:10     | Killed a two-headed ogre
 11831 | D:10     | Reached XP level 11. HP: 54/54 MP: 7/23
 12083 | D:10     | Found a basalt altar of Yredelemnul.
 12137 | D:10     | Found Qegaidgh's Evil Emporium.
 12499 | D:11     | Noticed Erica
 12534 | D:11     | Killed Erica
 12535 | D:11     | Reached skill level 17 in Earth Magic
 12913 | Lair:1   | Entered Level 1 of the Lair of Beasts
 13374 | D:9      | Identified the +1 leather armour of a Billion Wonders
                  | {Str+3}
 13420 | D:9      | Found a shimmering blue altar of Sif Muna.
 14346 | Lair:1   | Reached skill level 18 in Earth Magic
 15331 | Lair:1   | Reached skill level 19 in Earth Magic
 15563 | Lair:1   | Noticed a seven-headed hydra
 15572 | Lair:1   | Killed a seven-headed hydra
 15700 | Lair:1   | Noticed an eight-headed hydra
 15818 | Lair:2   | Reached XP level 12. HP: 59/59 MP: 17/24
 16006 | Lair:1   | Killed an eight-headed hydra
 16070 | Lair:2   | Reached **** piety under Sif Muna
 16237 | Lair:1   | Reached skill level 20 in Earth Magic
 17319 | Lair:2   | Noticed a six-headed hydra
 17843 | Lair:2   | Found a staircase to the Snake Pit.
 18882 | Lair:2   | Reached skill level 21 in Earth Magic
 19248 | Lair:2   | Killed a six-headed hydra
 20424 | Lair:3   | Found a gate leading to a gauntlet.
 20431 | Gauntlet | Entered a Gauntlet
 20431 | Gauntlet | Found a transporter.
 20431 | Gauntlet | Found a transporter.
 20435 | Gauntlet | Found a transporter.
 20439 | Gauntlet | Found a transporter.
 20439 | Gauntlet | Found a transporter.
 20439 | Gauntlet | Found a transporter.
 20459 | Gauntlet | Found a runed translucent door.
 20670 | Gauntlet | Found a transporter.
 20670 | Gauntlet | Found a transporter.
 20674 | Gauntlet | Found a transporter.
 20674 | Gauntlet | Found a transporter.
 20692 | Gauntlet | Mangled by a centaur warrior simulacrum

Illustrated notes

Levels and vault maps discovered:
D:1:      wander_arrival_fairy_ring, layout_loops_ring, minivault_19,
          hangedman_decor_push
D:2:      layout_loops_ring
D:3:      layout_basic, basic_ecumenical_altar, serial_glass, glass_columns_a,
          glass_columns_c, glass_columns_a, glass_columns_c, glass_columns_a,
          glass_columns_a, glass_columns_b, glass_columns_b,
          due_unseen_surprise, feat_on_display, item_on_display_a,
          feat_on_display
D:4:      layout_loops_ring, temple_doors_e, st_stairs_7,
          uniq_crazy_yiuf_cottage, uniq_natasha, uniq_ijyb, uniq_grinder
D:5:      layout_basic, gammafunk_ghost_abyssal_escape, grunt_decor_fettered
D:6:      layout_loops_ring, grunt_decor_arrowhead, st_stairs_6,
          grunt_potential, uniq_pikel, uniq_prince_ribbit1, uniq_sigmund
D:7:      layout_loops_ring, nicolae_overflow_hidden_temple
D:8:      layout_cave_pools, moated_statue
D:9:      wad_woods_stonehenge, layout_basic
D:10:     layout_loops_cross, mainiacjoe_overflow_alcove_2,
          amcnicky_altar_gilded, lair_entry_dummy, nicolae_evil_shop
D:11:     layout_roguey, orc_0_dummy, minmay_shop_enchanted_jewellery,
          kennysheep_cross_room, minmay_nine_imps, uniq_erica
Temple:   dpeg_five_rooms_temple
Lair:1:   layout_long_grid
Lair:2:   layout_cave_pods, minmay_snake_entry_guardpost_small, special_room
          [special_room_bee]
Lair:3:   layout_chaotic_city, minmay_swamp_entry_worms,
          nicolae_volcano_entry_batcave, gauntlet_entry_generic, minivault_23,
          grunt_forest_stairs_basic
Gauntlet: minmay_gauntlet_77_indecision [minmay_gauntlet_arena_77_block_sizes,
          minmay_gauntlet_arena_77_path, minmay_gauntlet_arena_77_fan,
          minmay_gauntlet_arena_77_two_paths,
          minmay_gauntlet_arena_77_broken_ladder,
          minmay_gauntlet_arena_77_cramped, gauntlet_exit_hidden_loot]

Skill      XL: |  1  2  3  4  5  6  7  8  9 10 11 12 |
---------------+-------------------------------------+-----
Earth Magic    | 4 5 6 7 9 10 13 16 19 21 | 21.7
Transmutations | 6 |  6.1
Spellcasting   | 6 7 |  7.0
Dodging        | |  2.4
Stealth        | |  2.4

Action                   |  1- 3 |  4- 6 |  7- 9 | 10-12 || total
-------------------------+-------+-------+-------+-------++-------
Melee: Staff             |    13 |    43 |    31 |     1 ||    88
 Cast: Sandblast         |    42 |    81 |   150 |   213 ||   486
       Passwall          |       |     2 |     2 |     1 ||     5
       Lee's Rapid Decon |       |       |     2 |   118 ||   120
       Petrify           |       |       |     2 |     3 ||     5
  Use: Scroll            |       |       |     3 |     6 ||     9
 Stab: Distracted        |       |     1 |       |       ||     1
       Sleeping          |       |     1 |       |       ||     1
       Petrified         |       |       |    14 |       ||    14
Armor: Robe              |       |    20 |    20 |     5 ||    45
       Steam dragon scal |       |       |       |    48 ||    48
Dodge: Dodged            |    16 |    48 |    64 |    75 ||   203

Table legend: (Time is in decaauts)
 A = Elapsed time spent in this place.
 B = Non-inter-level travel time spent in this place.
 C = Inter-level travel time spent in this place.
 D = Time resting spent in this place.
 E = Time spent auto-exploring this place.
 F = Levels seen in this place.
 G = Mean time per level.
                   A        B        C        D        E       F      G
               +--------+--------+--------+--------+--------+-----+--------+
         Total |  20737 |  17981 |   2756 |   7562 |   7149 |  16 | 1296.1 |
       Dungeon |  14076 |  12496 |   1580 |   4405 |   5823 |  11 | 1279.6 |
        Temple |    283 |    213 |     70 |      0 |    201 |   1 |  283.0 |
          Lair |   6116 |   5010 |   1106 |   3014 |   1125 |   3 | 2038.7 |
      Gauntlet |    260 |    260 |      0 |    143 |      0 |   1 |  260.0 |
               +--------+--------+--------+--------+--------+-----+--------+

Top non-repeatable levels by time:
  Lair:2: 3177 daAuts
  Lair:1: 2749 daAuts
    D:10: 1928 daAuts
     D:4: 1894 daAuts
     D:9: 1580 daAuts
     D:8: 1485 daAuts
     D:2: 1361 daAuts
     D:6: 1331 daAuts
     D:1: 1170 daAuts
     D:5: 1056 daAuts
     D:3: 1048 daAuts
     D:7: 1034 daAuts
  Temple: 283 daAuts
Gauntlet: 260 daAuts
  Lair:3: 189 daAuts
